 Dungeon Crawl Stone Soup version 0.30-a0-912-ge10d75a369 (webtiles) character file.

Game seed: 11018568765571552318

108 Aequonox the Digger (level 4, -1/25 HPs)
             Began as a Gargoyle Earth Elementalist on Mar 19, 2023.
             Was a Believer of Vehumet.
             Slain by an orc wizard
             ... wielding a +0 dagger
              (3 damage)
             ... on level 3 of the Dungeon.
             The game lasted 00:09:05 (2620 turns).

Aequonox the Digger (Gargoyle Earth Elementalist)   Turns: 2620, Time: 00:09:06

Health: -1/25      AC:  6    Str: 11    XL:     4   Next: 87%
Magic:  2/7        EV: 11    Int: 18    God:    Vehumet [**....]
Gold:   120        SH:  0    Dex: 10    Spells: 4/8 levels left

rFire   . . .      SeeInvis .    g - +0 dagger (freeze)
rCold   . . .      Faith    .    (no shield)
rNeg    + . .      Spirit   .    f - +0 leather armour
rPois   ∞          Reflect  .    (no helmet)
rElec   +          Rampage  .    (no cloak)
rCorr   .                        (no gloves)
Will    .....                    (no boots)
Stlth   ++                       (no amulet)
HPRegen 0.24/turn                (no ring)
MPRegen 0.10/turn                (no ring)

@: no status effects
A: sickness immunity, AC +3, negative energy resistance 1, electricity
resistance, torment resistance 1, petrification resistance
a: Renounce Religion


You were on level 3 of the Dungeon.
You worshipped Vehumet.
Vehumet was pleased with you.
You visited 1 branch of the dungeon, and saw 3 of its levels.

You collected 120 gold pieces.

Inventory:

Hand Weapons
 g - a +0 dagger of freezing (weapon)
Missiles
 k - 4 boomerangs of dispersal
Armour
 a - a +0 robe
 f - a +0 leather armour (worn)
 l - a +0 plate armour
Scrolls
 d - a scroll of identify
 e - a scroll of fog
 h - a scroll of vulnerability {unknown}
Potions
 b - 2 potions of magic
 c - 2 potions of lignification {unknown}
 i - 2 potions of curing
 j - a potion of heal wounds {unknown}


   Skills:
 + Level 1.1 Fighting
 + Level 1.5 Armour
 - Level 1.6 Dodging
 + Level 3.0 Stealth
 + Level 1.3 Shields
 + Level 2.5 Spellcasting
 + Level 1.0 Conjurations
 - Level 0.9 Transmutations
 + Level 4.2 Earth Magic


You had 4 spell levels left.
You knew the following spells:

 Your Spells              Type           Power      Damage    Failure   Level
a - Sandblast             Erth           34%        2d9       3%          1
b - Stone Arrow           Conj/Erth      22%        3d8       22%         3

Your spell library contained the following spells:

 Spells                   Type           Power      Damage    Failure   Level
 Momentum Strike          Conj/Tloc      8%         3d8       28%         2
 Passwall                 Tmut/Erth      9%         N/A       12%         2
 Necrotise                Necr           8%         1d4       22%         1
 Vampiric Draining        Necr           2%         2d6       56%         3
 Petrify                  Tmut/Erth      11%        N/A       61%         4
 Manifold Assault         Tloc           2%         N/A       92%         4
 Agony                    Necr           2%         N/A       99%         5
 Dispersal                Tloc           1%         N/A       100%        6
 Disjunction              Tloc           1%         N/A       100%        8


Dungeon Overview and Level Annotations

Branches:
Dungeon (3/15)

Altars:
Hepliaklqana
Vehumet
Wu Jian

Shops:
D:2 (


Innate Abilities, Weirdness & Mutations

You are immune to sickness and miasma.
Your stone body is resilient. (AC +3)
You are immune to poison.
You resist negative energy. (rN+)
You are resistant to electric shocks. (rElec)
You are resistant to unholy torment.
You are immune to petrification.


Message History

Things that are here:
a +0 short sword; an orc corpse Your magical contamination has completely faded away.
Found 8 gold pieces.
There is a stone staircase leading down here.
An orc priest comes into view. It is wielding a +0 dagger.
Found 8 gold pieces.
The orc priest shouts!
You hear a shout!
An orc wizard comes into view. It is wielding a +0 dagger.
The orc priest moves out of view.
An orc comes into view. It is wielding a +0 short sword.
The orc shouts!
The orc moves out of view.
There is a stone staircase leading down here.
The blast of sand misses the orc.
The blast of sand hits the orc.
The orc is moderately wounded.
The orc barely misses you.
The blast of sand hits the orc!
You kill the orc!
Vehumet accepts your kill.
You feel your power returning.
The orc wizard gestures at you while chanting.
The puff of flame hits you!
The orc wizard mumbles some strange words.
The orc wizard flickers and vanishes!
Deactivating autopickup; reactivate with Ctrl-A.
Your Conjurations skill increases to level 1!
The blast of sand hits the orc priest but does no damage.
The blast of sand hits the orc priest but does no damage.
Something hits you but does no damage.
The orc priest mumbles some strange prayers to Beogh against you.
Beogh smites you!
* * * LOW HITPOINT WARNING * * *
Something hits you but does no damage.
You are too injured to fight recklessly!
Something hits you.
* * * LOW HITPOINT WARNING * * *
Something hits you.
You die...

......# #..#.# #
....#.# .........
.#....#######........
.#.#........#..$...
##.##..####.#.##.##.#
#.###..............#
#.# ##..##...#.###.#
#.####....>#.#.....#
#....).###.#...@####
######## #.####....#
......o..#.#
...#####.# # ....#
..# .....# ###
o.....# .$..o..#


You could see an orc priest.

Vanquished Creatures
  An orc wizard (D:2)
  2 adders
  3 dart slugs
  6 orcs (D:3)
  8 bats
  5 endoplasms
  5 giant cockroaches
  2 goblins (D:1)
  5 hobgoblins
  2 quokkas (D:1)
  4 ball pythons
  2 frilled lizards
  2 kobolds
  6 rats
53 creatures vanquished.

Vanquished Creatures (others)
  4 plants
4 creatures vanquished.

Grand Total: 57 creatures vanquished

Notes
Turn   | Place    | Note
-------+----------+-------------------------------------------
     0 | D:1      | Aequonox the Gargoyle Earth Elementalist began the quest
                  | for the Orb.
     0 | D:1      | Reached XP level 1. HP: 10/10 MP: 3/3
   254 | D:1      | Reached XP level 2. HP: 15/15 MP: 3/5
   879 | D:1      | Reached XP level 3. HP: 19/19 MP: 4/6
  1059 | D:2      | Learned a level 3 spell: Stone Arrow
  1099 | D:2      | Found a hazy altar of Hepliaklqana.
  1183 | D:2      | Reached skill level 1 in Shields
  1240 | D:2      | Found a faded altar of an unknown god.
  1271 | D:2      | Found Kuuzyps's Antique Weapon Shoppe.
  1315 | D:2      | Prayed at the altar of an unknown god.
  1315 | D:2      | Became a worshipper of Vehumet
  1315 | D:2      | Reached * piety under Vehumet
  1315 | D:2      | Offered knowledge of Magic Dart by Vehumet.
  1528 | D:2      | Reached skill level 4 in Earth Magic
  1551 | D:2      | Reached skill level 1 in Armour
  2335 | D:2      | HP: 1/20 [something/magic dart (3)]
  2340 | D:2      | Reached skill level 1 in Fighting
  2340 | D:2      | Reached XP level 4. HP: 13/25 MP: 2/7
  2519 | D:3      | Found an ornate altar of the Wu Jian Council.
  2537 | D:3      | Reached ** piety under Vehumet
  2537 | D:3      | Offered knowledge of Momentum Strike by Vehumet.
  2617 | D:3      | Reached skill level 1 in Conjurations
  2620 | D:3      | Slain by an orc wizard

Illustrated notes

Levels and vault maps discovered:
D:1:      dpeg_arrival_simpleton_c, layout_basic
D:2:      wad_lake_hut, layout_basic, serial_shops, shop,
          hellmonk_ecumenical_altar_zigzags, basic_altar
D:3:      cheibrodos_old_hovel, layout_basic, pdpol_wu_jian_five_deadly_venoms,
          gup_sewer_entry_glass, uniq_sigmund

Skill      XL: |  1  2  3  4 |
---------------+-------------+-----
Shields        | 1 |  1.3
Earth Magic    | 4 |  4.2
Armour         | 1 |  1.5
Fighting       | 1 |  1.1
Stealth        | 3 |  3.0
Conjurations   | 1 |  1.0
Dodging        | |  1.6
Spellcasting   | |  2.5
Transmutations | |  0.9

Action                     |  1- 3 |  4- 6 || total
---------------------------+-------+-------++-------
  Melee: Dagger            |    10 |     2 ||    12
   Cast: Sandblast         |    53 |    19 ||    72
    Use: Scroll            |     2 |       ||     2
         Potion            |     2 |       ||     2
 Armour: Robe              |     3 |       ||     3
         Leather armour    |    16 |     8 ||    24
  Dodge: Dodged            |    12 |     6 ||    18

Table legend: (Time is in decaauts)
 A = Elapsed time spent in this place.
 B = Non-inter-level travel time spent in this place.
 C = Inter-level travel time spent in this place.
 D = Time resting spent in this place.
 E = Time spent auto-exploring this place.
 F = Levels seen in this place.
 G = Mean time per level.
                   A        B        C        D        E       F      G
               +--------+--------+--------+--------+--------+-----+--------+
         Total |   2717 |   2265 |    452 |     47 |   1821 |   3 |  905.7 |
       Dungeon |   2717 |   2265 |    452 |     47 |   1821 |   3 |  905.7 |
               +--------+--------+--------+--------+--------+-----+--------+

Top non-repeatable levels by time:
     D:2: 1499 daAuts
     D:1: 1062 daAuts
     D:3: 155 daAuts
